 Dungeon Crawl Stone Soup version 0.30.0-29-ga12c61a403 (webtiles) character file.

Game seed: 3032742163738337572

14 boopmooplesden the Trooper (level 2, -6/26 HPs)
             Began as a Draconian Berserker on June 24, 2023.
             Was a Follower of Trog.
             Mangled by a kobold
             ... wielding a +1 short sword of electrocution
              (11 damage)
             ... on level 1 of the Dungeon.
             The game lasted 00:00:41 (211 turns).

boopmooplesden the Trooper (Draconian Berserker)     Turns: 211, Time: 00:00:41

Health: -6/26      AC:  5    Str: 19    XL:     2   Next: 27%
Magic:  2/2        EV: 12    Int:  7    God:    Trog [*.....]
Gold:   22         SH:  0    Dex: 10    Spells: 1/1 levels left

rFire   . . .        a - +0 spear
rCold   . . .        (no shield)
rNeg    . . .        (body armour unavailable)
rPois   .            (helmet restricted)
rElec   .            g - +0 cloak
rCorr   .            (no gloves)
SInv    .            (no boots)
Will    .....        (no amulet)
Stlth   +            (no ring)
HPRegen 0.24/turn    (no ring)
MPRegen 0.08/turn

%: no passive effects
@: no status effects
A: AC +4, unfitting armour, cold-blooded
a: Renounce Religion, Berserk


You were on level 1 of the Dungeon.
You worshipped Trog.
Trog was aware of your devotion.
You visited 1 branch of the dungeon, and saw 1 of its levels.

You collected 22 gold pieces.

Inventory:

Hand Weapons
 a - a +0 spear (weapon)
Missiles
 h - 4 silver boomerangs (quivered)
Armour
 g - a +0 cloak (worn)
Scrolls
 c - a scroll of identify {unknown}
 f - a scroll of enchant weapon {unknown}
 i - a scroll of brand weapon {unknown}
 j - a scroll of magic mapping {unknown}
Potions
 b - a potion of attraction {unknown}
 d - a potion of heal wounds {unknown}
 e - a potion of brilliance {unknown}
 k - a potion of might {unknown}


   Skills:
 + Level 3.6 Fighting
 + Level 3.2 Polearms
 + Level 2.9 Dodging


You had one spell level left.
You didn't know any spells.
Your spell library was empty.

Dungeon Overview and Level Annotations

Branches:
Dungeon (1/15)

Altars:


Innate Abilities, Weirdness & Mutations

Your plain brown scales are hard. (AC +4)
You cannot fit into any form of body armour.
You are cold-blooded and may be slowed by cold attacks.


Message History

You see here 4 silver boomerangs.
The goblin barely misses you.
You barely miss the goblin. The goblin completely misses you.
You puncture the goblin!
You kill the goblin!
Trog accepts your kill.
Things that are here:
a +0 club; a goblin corpse You see here 4 silver boomerangs.
h - 4 silver boomerangs You recover from your berserk rage.
You now have 11 gold pieces.
Things that are here:
a +0 club; a goblin corpse
i - a scroll labelled SOOTZE XECLA You start putting on your armour.
You continue putting on your +0 cloak. x4
You finish putting on your +0 cloak.
Found a whip.
You now have 22 gold pieces (gained 11).
Found a dagger.
Found a robe.
j - a scroll labelled CAKO RUEGRUEV You see here a +0 whip.
You open the door.
There is a stone staircase leading down here.
There is an open door here.
You see here a ring of wizardry.
k - a golden potion A kobold comes into view.
It is wielding a +1 short sword of electrocution.
A kobold is nearby!
A kobold is nearby!
The helpless kobold fails to defend itself.
You hit the kobold but do no damage.
Your tail-slap misses the kobold.
The kobold hits you with a +1 short sword of electrocution.
You are electrocuted!!
Ouch! That really hurt!
* * * LOW HITPOINT WARNING * * *
You barely miss the kobold. The kobold hits you but does no damage.
You are electrocuted!
You die...

#.......#
#.......#
#..=....#
#.......#
#.......#
#########
#.......##### .
#.##........#
..#.##........#
...∩..♣..∩..∩.#
.............##
.......@.....#
♣.....∩.K♣..♣#
.............#
.............#
♣..♣..∩..♣..♣#
.............#
.............#
..♣..∩..∩..∩#


You could see a kobold.

Vanquished Creatures
  2 endoplasms (D:1)
  A goblin (D:1)
  A hobgoblin (D:1)
  2 jackals (D:1)
  7 frilled lizards (D:1)
  A kobold (D:1)
14 creatures vanquished.

Notes
Turn   | Place    | Note
-------+----------+-------------------------------------------
     0 | D:1      | boopmooplesden the Draconian Berserker began the quest for
                  | the Orb.
     0 | D:1      | Reached XP level 1. HP: 19/19 MP: 1/1
    96 | D:1      | Reached XP level 2. HP: 26/26 MP: 2/2
   211 | D:1      | Mangled by a kobold

Illustrated notes

Levels and vault maps discovered:
D:1:      shiori_shiawase, layout_basic, hellmonk_ecumenical_altar_arch_garden,
          minmay_lizard_pond

Action                     || total
---------------------------++-------
  Melee: Spear             ||    35
         Tailslap          ||     3
         Punch             ||     1
 Invoke: Berserk           ||     1
   Stab: Sleeping          ||     1
 Armour: Skin              ||    16
  Dodge: Dodged            ||    38
